 Dungeon Crawl Stone Soup version 0.22.0-75-g3901e79 (webtiles) character file.

11137 sking99 the Fighter (level 11, -19/76 HPs)
             Began as a Gargoyle Earth Elementalist on Sept 14, 2018.
             Was a Priest of Dithmenos.
             Demolished by a large slime creature (29 damage)
             ... on level 10 of the Dungeon.
             The game lasted 00:36:30 (17094 turns).

sking99 the Fighter (Gargoyle Earth Elementalist)  Turns: 17094, Time: 00:36:31

Health: -19/76     AC: 17    Str: 15    XL:     11   Next: 73%
Magic:  6/18       EV: 12    Int: 21    God:    Dithmenos [***...]
Gold:   572        SH:  9    Dex: 10    Spells: 7/20 levels left

rFire    . . .     SeeInvis .   I - +2 scimitar (freeze)
rCold    + . .     Gourm    .   f - +2 buckler {AC+3}
rNeg     + . .     Faith    .   K - +1 robe "Ucoppeif" {rElec Str+2}
rPois    ∞         Spirit   .   q - +0 helmet
rElec    +         Reflect  +   n - +0 cloak
rCorr    .         Harm     .   e - +0 pair of gloves
MR       .....                  (no boots)
Stlth    ++........             i - +3 amulet of reflection
HPRegen  0.22/turn              G - +3 ring of intelligence
MPRegen  0.16/turn              J - ring of protection from cold

@: wreathed by umbra
A: negative energy resistance 1, electricity resistance, unbreathing,
petrification resistance, rot immunity, AC +8
a: Shadow Step, Renounce Religion


You were on level 10 of the Dungeon.
You worshipped Dithmenos.
Dithmenos was most pleased with you.
You were not hungry.

You visited 2 branches of the dungeon, and saw 11 of its levels.
You also visited: Ossuary.

You collected 572 gold pieces.

Inventory:

Hand Weapons
 I - a +2 scimitar of freezing (weapon)
Missiles
 b - 48 stones (quivered)
 E - 5 throwing nets
Armour
 e - a +0 pair of gloves (worn)
 f - a +2 buckler of protection (worn)
 n - a +0 cloak (worn)
 q - a +0 helmet (worn)
 K - the +1 robe "Ucoppeif" (worn) {rElec Str+2}
   (You found it on level 9 of the Dungeon)

   It affects your strength (+2).
   It insulates you from electricity.
Jewellery
 i - a +3 amulet of reflection (around neck)
 x - a +5 ring of dexterity {unknown}
 G - a +3 ring of intelligence (left hand)
 J - a ring of protection from cold (right hand)
Wands
 y - a wand of iceblast (26)
 L - a wand of random effects (16)
Scrolls
 a - 4 scrolls of teleportation
 c - 5 scrolls of remove curse
 g - 3 scrolls of fog
 h - 2 scrolls of enchant weapon
 o - a scroll of amnesia
 s - 4 scrolls of identify
 u - 2 scrolls of enchant armour
 z - a scroll of silence
 B - a scroll of blinking {unknown}
 D - a scroll of fear
 F - 2 scrolls of holy word {unknown}
 H - 4 scrolls of noise {unknown}
Potions
 j - a potion of haste {unknown}
 k - 7 potions of curing
 l - 2 potions of mutation
 m - a potion of brilliance
 p - 7 potions of heal wounds
 r - a potion of magic {unknown}
 t - 2 potions of agility
 v - a potion of might
 w - 3 potions of flight
 A - a potion of lignification {unknown}
 C - a potion of berserk rage {unknown}
Comestibles
 d - 15 rations


   Skills:
 + Level 12.4 Fighting
 - Level 1.7 Dodging
 - Level 2.4 Stealth
 - Level 4.0 Shields
 - Level 5.0 Spellcasting
 - Level 6.0 Conjurations
 - Level 4.0 Translocations
 - Level 0.7 Transmutations
 - Level 12.3 Earth Magic


You had 7 spell levels left.
You knew the following spells:

 Your Spells              Type           Power        Failure   Level  Hunger
a - Sandblast             Erth           ######       1%          1    None
b - Stone Arrow           Conj/Erth      #####.       1%          3    ##.....
c - Lee's Rapid Deconstr  Erth           ######....   1%          5    #####..
d - Passwall              Tmut/Erth      ####....     1%          2    None
e - Blink                 Tloc           N/A          3%          2    None

Your spell library contained the following spells:

 Spells                   Type           Power        Failure   Level  Hunger
 Magic Dart               Conj           ####         1%          1    None
 Flame Tongue             Conj/Fire      ###..        3%          1    None
 Throw Flame              Conj/Fire      ###...       4%          2    None
 Petrify                  Tmut/Erth      ####....     8%          4    ####...
 Conjure Flame            Conj/Fire      ###.....     10%         3    ##.....
 Mephitic Cloud           Conj/Pois/Air  ##......     14%         3    ##.....
 Call Imp                 Summ           #.......     16%         2    None
 Slow                     Hex            #.......     16%         2    None
 Sticky Flame             Conj/Fire      ###.....     30%         4    ####...
 Inner Flame              Hex/Fire       #.......     32%         3    ##.....
 Fireball                 Conj/Fire      ###.......   65%         5    #####..


Dungeon Overview and Level Annotations

Branches:
Dungeon (10/15)            Temple (1/1) D:4            Lair (0/6) D:9
    Orc: D:9-12

Altars:
Ashenzari
Cheibriados
Dithmenos
Elyvilon
Fedhas
Gozag
Hepliaklqana
Kikubaaqudgha
Makhleb
Nemelex Xobeh
Okawaru
Qazlal
Ru
Sif Muna
Trog
Uskayaw
Vehumet
Wu Jian
Xom
Yredelemnul
Zin
The Shining One


Innate Abilities, Weirdness & Mutations

You are resistant to torment.
Your stone body is resilient. (AC +8)
You are immune to poison.
You resist negative energy. (rN+)
You are resistant to electric shocks. (rElec)
You can survive without breathing.
You are immune to petrification.
You are immune to rotting.


Message History

Unknown command.
You barely miss the slime creature.
The slime creature is severely wounded.
The large slime creature closely misses you.
The slime creature hits you!
The large slime creature completely misses you.
You riposte.
You slash the large slime creature! You freeze the large slime creature.
The large slime creature is severely wounded.
You hit the slime creature but do no damage.
The slime creature is severely wounded.
You block the slime creature's attack. The large slime creature hits you!!
* * * LOW HITPOINT WARNING * * *
Okay, then.
You don't have the energy to cast that spell.
You eat one of the 16 rations.
That ration really hit the spot!
The slime creature hits you!
* * * LOW HITPOINT WARNING * * *
The large slime creature hits you!!
You die...

#######......#..#...#.#....##....
####.........###...##.#....##....
............###...........>'.....
####....#..#..#.....#.#....##....
#....#.#....#....#.#....##....
#...##.#.....##..#.#....##....
####...##.............#(...##....
.......##..###.###.####....##....
#####.###...#..#@J..# #....##....
...##.# #...#.##J#..###....##....
...##.###.#......#.........#....#
...#......#......#.#########....#
...#..........#.##.#### #....#
...#.....##...........# #....#
...#.....##......#....######....#
...#.....####....#..............#
...########...........######....#


You could see a large slime creature and a slime creature.

Vanquished Creatures
  Harold (D:8)
  A two-headed ogre (D:10)
  3 death yaks
  Psyche (D:9)
  3 hippogriffs
  3 slime creatures (D:10)
  Grinder (D:5)
  4 yaks (D:9)
  3 hogs (D:8)
  A human (D:8)
  2 hungry ghosts
  Duvessa (D:5)
  3 orc warriors
  2 ice beasts
  4 sky beasts
  A black bear (D:10)
  2 necrophages (D:7)
  3 phantoms
  An ogre (D:4)
  3 centaurs
  A big kobold (D:9)
  3 bullfrogs
  Dowan (D:5)
  4 scorpions
  10 killer bees
  12 wights
  A howler monkey (D:6)
  3 crimson imps
  A quasit (D:8)
  7 hounds
  2 bullfrog zombies
  2 jellies
  6 orc priests
  A bullfrog skeleton (D:9)
  5 orc wizards
  5 iguanas
  A centaur skeleton (D:5)
  Ijyb (D:5)
  9 worker ants
  6 big kobold zombies (Ossuary)
  4 mummies (Ossuary)
  A howler monkey zombie (D:10)
  4 gnolls
  A worker ant zombie (D:5)
  11 adders
  2 shadow imps (D:7)
  An ooze (D:1)
  2 adder zombies
  2 adder skeletons
  2 worms
  2 dart slugs
  9 leopard geckos
  26 orcs
  2 giant cockroaches
  5 hobgoblins
  12 jackals
  2 quokkas (D:8)
  7 bats
  A frilled lizard (D:1)
  7 goblins
  4 hobgoblin zombies (Ossuary)
  5 kobolds
  A leopard gecko skeleton (D:7)
  2 quokka skeletons
  5 rats
244 creatures vanquished.

Vanquished Creatures (others)
  A centaur (D:9)
1 creature vanquished.

Grand Total: 245 creatures vanquished

Notes
Turn   | Place    | Note
-------+----------+-------------------------------------------
     0 | D:1      | sking99 the Gargoyle Earth Elementalist began the quest for
                  | the Orb.
     0 | D:1      | Reached XP level 1. HP: 10/10 MP: 3/3
   476 | D:1      | Reached XP level 2. HP: 15/15 MP: 3/5
   774 | D:1      | Reached skill level 1 in Fighting
   774 | D:1      | Reached XP level 3. HP: 15/20 MP: 6/6
   832 | D:1      | Learned a level 3 spell: Stone Arrow
   835 | D:1      | Learned a level 2 spell: Passwall
  1284 | D:2      | Found a basalt altar of Yredelemnul.
  2038 | D:2      | Reached XP level 4. HP: 25/25 MP: 3/7
  2108 | D:2      | Found a sparkling altar of Nemelex Xobeh.
  2252 | D:2      | Reached skill level 1 in Conjurations
  2633 | D:3      | Found a faded altar of an unknown god.
  3245 | D:3      | Found a glowing golden altar of the Shining One.
  3513 | D:3      | Reached XP level 5. HP: 27/30 MP: 1/9
  3932 | D:4      | Noticed an ogre
  4131 | D:4      | Reached skill level 5 in Earth Magic
  4131 | D:4      | Reached XP level 6. HP: 36/36 MP: 0/10
  4777 | D:4      | Found a staircase to the Ecumenical Temple.
  4794 | Temple   | Entered the Ecumenical Temple
  5052 | Temple   | Became a worshipper of Dithmenos the Shadowed
  5215 | D:4      | Reached XP level 7. HP: 22/41 MP: 5/12
  5953 | D:4      | Learned a level 5 spell: Lee's Rapid Deconstruction
  5956 | D:4      | Learned a level 2 spell: Blink
  6354 | D:5      | Entered Level 5 of the Dungeon
  6621 | D:5      | Reached XP level 8. HP: 42/48 MP: 5/14
  6738 | D:5      | Noticed Grinder
  6744 | D:5      | Paralysed by Grinder for 4 turns
  6753 | D:5      | Killed Grinder
  6809 | D:5      | Reached * piety under Dithmenos
  7010 | D:5      | Identified a scroll of acquirement
  7313 | D:5      | Reached skill level 1 in Shields
  7421 | D:5      | Noticed Dowan
  7423 | D:5      | Noticed Duvessa
  7510 | D:5      | Killed Duvessa
  7510 | D:5      | Reached skill level 5 in Spellcasting
  7510 | D:5      | Reached skill level 5 in Conjurations
  7621 | D:5      | Killed Dowan
  7712 | D:5      | Noticed Ijyb
  7730 | D:5      | Killed Ijyb
  7843 | D:5      | Found an opulent altar of Gozag.
  8602 | D:6      | Got a heavily runed large shield
  8603 | D:6      | Identified the cursed +0 large shield of the Peasants
                  | {rPois Dex+5} (You found it on level 6 of the Dungeon)
  8700 | D:6      | Got a slimy cloak
  8701 | D:6      | Identified the cursed -2 cloak of Dramatic Exits {MP+9}
                  | (You found it on level 6 of the Dungeon)
  9138 | D:7      | Reached XP level 9. HP: 53/53 MP: 6/16
 10313 | D:7      | Reached skill level 10 in Earth Magic
 10682 | D:7      | Found an iron altar of Okawaru.
 10860 | D:8      | Reached ** piety under Dithmenos
 10985 | D:8      | Noticed Harold
 11014 | D:8      | Killed Harold
 11014 | D:8      | Reached XP level 10. HP: 51/58 MP: 0/17
 11032 | D:7      | Reached skill level 5 in Fighting
 11098 | D:7      | Reached skill level 1 in Translocations
 11417 | D:8      | Found a sand-covered staircase.
 11435 | Ossuary  | Entered an ossuary
 12408 | D:8      | Found a blossoming altar of Fedhas.
 12411 | D:8      | Found an ancient bone altar of Kikubaaqudgha.
 12428 | D:8      | Found a radiant altar of Vehumet.
 13187 | D:9      | Reached *** piety under Dithmenos
 13964 | D:9      | Found a shattered altar of Ashenzari.
 14258 | D:9      | Found a shimmering altar of Xom.
 14622 | D:9      | Noticed a death yak
 14622 | D:9      | Noticed Psyche
 14623 | D:9      | Found a staircase to the Lair.
 14623 | D:9      | Noticed a death yak
 14635 | D:9      | Killed Psyche
 14635 | D:9      | Reached XP level 11. HP: 71/71 MP: 7/18
 14747 | D:8      | Killed a death yak
 14891 | D:9      | Noticed a death yak
 14896 | D:9      | Reached skill level 10 in Fighting
 14901 | D:9      | Killed a death yak
 15220 | D:8      | Killed a death yak
 15615 | D:9      | Got a heavily jewelled robe
 15616 | D:9      | Identified the +1 robe "Ucoppeif" {rElec Str+2} (You found
                  | it on level 9 of the Dungeon)
 16123 | D:10     | Entered Level 10 of the Dungeon
 16220 | D:10     | Noticed a two-headed ogre
 16799 | D:10     | Killed a two-headed ogre
 17094 | D:10     | Demolished by a large slime creature

Skill      XL: |  1  2  3  4  5  6  7  8  9 10 11 |
---------------+----------------------------------+-----
Earth Magic    | 4 5 6 7 12 | 12.3
Fighting       | 1 2 3 4 9 12 | 12.4
Conjurations   | 1 2 3 4 5 6 |  6.0
Spellcasting   | 3 4 5 |  5.0
Shields        | 3 4 |  4.0
Translocations | 4 |  4.0
Dodging        | |  1.7
Stealth        | |  2.4
Transmutations | |  0.7

Action                   |  1- 3 |  4- 6 |  7- 9 | 10-12 || total
-------------------------+-------+-------+-------+-------++-------
Melee: Unarmed           |    18 |       |       |       ||    18
       Dagger            |    20 |    26 |    12 |       ||    58
       Long sword        |       |       |    11 |    30 ||    41
       Scimitar          |       |       |       |    33 ||    33
 Cast: Sandblast         |    25 |    27 |   109 |    79 ||   240
       Stone Arrow       |    15 |    34 |   105 |   102 ||   256
       Lee's Rapid Decon |       |       |     2 |    25 ||    27
       Blink             |       |       |       |     5 ||     5
  Use: Scroll            |       |    10 |    12 |     1 ||    23
 Stab: Sleeping          |     1 |       |       |       ||     1
  Eat: Chunk             |     6 |    13 |    22 |    16 ||    57
       Ration            |       |       |     1 |     7 ||     8
Armor: Robe              |    28 |    15 |       |    31 ||    74
       Leather armour    |       |       |    35 |    33 ||    68
Dodge: Dodged            |    47 |    29 |    38 |    53 ||   167
Block: Other             |       |     7 |     2 |       ||     9
       Buckler           |       |       |    38 |    68 ||   106
       Reflection        |       |       |     3 |     1 ||     4
       Rpst.: Long sword |       |       |     4 |     8 ||    12
       Scimitar          |       |       |       |     7 ||     7
